TOP OF THE 1ST |
Allentown Hillbillies batting - Pitching for Utica Unicorns : RHP Alberto Parra
|
Pitching: RHP Alberto Parra
|
|
Batting: RHB António Yánez
|
0-0: Ball 1-0: Foul Ball, location: 2F 1-1: Ball 2-1: Called Strike 2-2: Strikes out swinging
|
Batting: RHB José Ortega
|
0-0: Called Strike 0-1: Called Strike 0-2: Ball 1-2: Fly out, F4 (Popup, 4D)
|
Batting: LHB Rafael Flores
|
0-0: Ball 1-0: Ball 2-0: Foul Ball, location: 2F 2-1: Foul Ball, location: 2F 2-2: Ball 3-2: Foul Ball, location: 2F 3-2: Base on Balls
|
Batting: RHB Millard Stark
|
0-0: Foul Ball, location: 2F 0-1: Called Strike 0-2: Foul Ball, location: 2F 0-2: Ball 1-2: Fly out, F6 (Popup, 6D)
|
Top of the 1st over - 0 run(s), 0 hit(s), 0 error(s), 1 left on base; Allentown 0 - Utica 0 |
BOTTOM OF THE 1ST |
Utica Unicorns batting - Pitching for Allentown Hillbillies : RHP Anthony O'Connor
|
Pitching: RHP Anthony O'Connor
|
|
Batting: LHB Jesús Raugel
|
0-0: Ball 1-0: Swinging Strike 1-1: Called Strike 1-2: Ball 2-2: Strikes out swinging
|
Batting: RHB Mitsuoki Taguchi
|
0-0: Swinging Strike 0-1: Ball 1-1: Ball 2-1: Foul Ball, location: 2F 2-2: Foul Ball, location: 2F 2-2: Ball 3-2: Base on Balls
|
Batting: LHB Sixto Cantú
|
0-0: Called Strike 0-1: Ball 1-1: Ball 2-1: Swinging Strike 2-2: Strikes out looking
|
Batting: LHB Patrick Bright
|
0-0: Ball 1-0: Ball 2-0: Ball 3-0: Foul Ball, location: 2F 3-1: Base on Balls Mitsuoki Taguchi to second
|
Batting: LHB Mitchell Oglethorpe
|
0-0: Called Strike 0-1: Swinging Strike 0-2: Ball 1-2: Strikes out looking
|
Bottom of the 1st over - 0 run(s), 0 hit(s), 0 error(s), 2 left on base; Allentown 0 - Utica 0 |
TOP OF THE 2ND |
Allentown Hillbillies batting - Pitching for Utica Unicorns : RHP Alberto Parra
|
Batting: RHB Von Ford
|
0-0: Ball 1-0: Foul Ball, location: 2F 1-1: Ball 2-1: Ground out U3 (Groundball, 3)
|
Batting: RHB Diego Rivera
|
0-0: Called Strike 0-1: Ball 1-1: Ball 2-1: Foul Ball, location: 2F 2-2: Foul Ball, location: 2F 2-2: Ball 3-2: Foul Ball, location: 2F 3-2: Foul Ball, location: 2F 3-2: Foul Ball, location: 2F 3-2: Foul Ball, location: 2F 3-2: Foul Ball, location: 2F 3-2: Base on Balls
|
Batting: RHB Dan Banks
|
0-0: Ball 1-0: Foul Ball, location: 2F 1-1: Foul Ball, location: 2F 1-2: Strikes out swinging
|
Batting: RHB Germano Labrego
|
0-0: Ball 1-0: Foul Ball, location: 2F 1-1: Ball 2-1: Ball 3-1: Swinging Strike 3-2: SINGLE (Groundball, 6MD) Diego Rivera to second Diego Rivera to third
|
Batting: RHB Carl Brown
|
0-0: Called Strike 0-1: Ball 1-1: SINGLE (Line Drive, 34D) Diego Rivera scores Germano Labrego to second
|
Batting: RHB António Yánez
|
0-0: Foul Ball, location: 2F 0-1: Ball 1-1: Ball 2-1: Called Strike 2-2: Strikes out swinging
|
Top of the 2nd over - 1 run(s), 2 hit(s), 0 error(s), 2 left on base; Allentown 1 - Utica 0 |
BOTTOM OF THE 2ND |
Utica Unicorns batting - Pitching for Allentown Hillbillies : RHP Anthony O'Connor
|
Batting: RHB Danny Crouch
|
0-0: Foul Ball, location: 2F 0-1: Ball Error on foul ball, E7 1-2: Ball 2-2: Foul Ball, location: 2F 2-2: Ball 3-2: Base on Balls
|
Batting: RHB Andrew Good
|
0-0: Ball 1-0: Called Strike 1-1: Grounds into double play, 5-4-3 (Groundball, 56)
|
Batting: LHB Raúl Morales
|
0-0: Ball 1-0: Ground out 4-3 (Groundball, 4)
|
Bottom of the 2nd over - 0 run(s), 0 hit(s), 1 error(s), 0 left on base; Allentown 1 - Utica 0 |
TOP OF THE 3RD |
Allentown Hillbillies batting - Pitching for Utica Unicorns : RHP Alberto Parra
|
Batting: RHB José Ortega
|
0-0: Ball 1-0: Called Strike 1-1: SINGLE (Groundball, 6D)
|
Batting: LHB Rafael Flores
|
0-0: Ball 1-0: Swinging Strike 1-1: Foul Ball, location: 2F 1-2: Strikes out swinging
|
Batting: RHB Millard Stark
|
0-0: Called Strike 0-1: Ball Wild Pitch! José Ortega to second 1-1: Ball 2-1: Ball 3-1: Called Strike 3-2: Strikes out swinging
|
Batting: RHB Von Ford
|
0-0: Foul Ball, location: 2F 0-1: Ball 1-1: Ball 2-1: Ball 3-1: Base on Balls
|
Batting: RHB Diego Rivera
|
0-0: Called Strike 0-1: Ball 1-1: Ball 2-1: Called Strike 2-2: Ball 3-2: Base on Balls José Ortega to third Von Ford to second
|
Batting: RHB Dan Banks
|
0-0: Called Strike 0-1: Ball 1-1: Ball 2-1: Called Strike 2-2: Ball 3-2: Base on Balls José Ortega scores Von Ford to third Diego Rivera to second
|
Batting: RHB Germano Labrego
|
0-0: SINGLE (Flyball, 8LS) Von Ford scores Diego Rivera to third Dan Banks to second Runner from 3rd tries for Home, SAFE, no throw
|
Batting: RHB Carl Brown
|
0-0: Foul Ball, location: 2F 0-1: Ball 1-1: Foul Ball, location: 2F 1-2: Strikes out swinging
|
Top of the 3rd over - 3 run(s), 2 hit(s), 0 error(s), 2 left on base; Allentown 4 - Utica 0 |
BOTTOM OF THE 3RD |
Utica Unicorns batting - Pitching for Allentown Hillbillies : RHP Anthony O'Connor
|
Batting: RHB António Magana
|
0-0: Called Strike 0-1: Called Strike 0-2: Ball 1-2: Foul Ball, location: 2F 1-2: Ball 2-2: SINGLE (Groundball, 6MD)
|
Batting: LHB Jesús Raugel
|
0-0: SINGLE (Line Drive, 8LS) António Magana to second Runner from 2nd tries for 3rd, SAFE, throw made to third
|
Batting: RHB Mitsuoki Taguchi
|
0-0: Called Strike 0-1: Called Strike 0-2: Ball 1-2: Strikes out swinging
|
Batting: LHB Sixto Cantú
|
0-0: Called Strike 0-1: SINGLE (Groundball, 5D) António Magana scores Jesús Raugel to second
|
Batting: LHB Patrick Bright
|
0-0: Ball 1-0: Grounds into double play, 4-6-3 (Groundball, 34)
|
Bottom of the 3rd over - 1 run(s), 3 hit(s), 0 error(s), 1 left on base; Allentown 4 - Utica 1 |
TOP OF THE 4TH |
Allentown Hillbillies batting - Pitching for Utica Unicorns : RHP Alberto Parra
|
Batting: RHB António Yánez
|
0-0: Called Strike 0-1: Ball 1-1: Called Strike 1-2: Strikes out swinging
|
Batting: RHB José Ortega
|
0-0: Ball 1-0: Called Strike 1-1: SINGLE (Line Drive, 56)
|
Batting: LHB Rafael Flores
|
0-0: Ball 1-0: Ball 2-0: Called Strike 2-1: Ball 3-1: Called Strike 3-2: Grounds into double play, 4-6-3 (Groundball, 34)
|
Top of the 4th over - 0 run(s), 1 hit(s), 0 error(s), 0 left on base; Allentown 4 - Utica 1 |
BOTTOM OF THE 4TH |
Utica Unicorns batting - Pitching for Allentown Hillbillies : RHP Anthony O'Connor
|
Batting: LHB Mitchell Oglethorpe
|
0-0: Ball 1-0: Foul Ball, location: 2F 1-1: Swinging Strike 1-2: Ball 2-2: Strikes out swinging
|
Batting: RHB Danny Crouch
|
0-0: Ball 1-0: Ground out 6-3 (Groundball, 56)
|
Batting: RHB Andrew Good
|
0-0: Foul Ball, location: 2F 0-1: Fly out, F5 (Popup, 5D)
|
Bottom of the 4th over - 0 run(s), 0 hit(s), 0 error(s), 0 left on base; Allentown 4 - Utica 1 |
TOP OF THE 5TH |
Allentown Hillbillies batting - Pitching for Utica Unicorns : RHP Alberto Parra
|
Pitching: RHP Wayne Sawyer
|
|
Batting: RHB Millard Stark
|
0-0: Called Strike 0-1: Fly out, F4 (Line Drive, 4M)
|
Batting: RHB Von Ford
|
0-0: Ball 1-0: Ground out U3 (Groundball, 3L)
|
Batting: RHB Diego Rivera
|
0-0: Ball 1-0: Ball 2-0: Ball 3-0: Called Strike 3-1: Swinging Strike 3-2: Base on Balls
|
Batting: RHB Dan Banks
|
0-0: Called Strike 0-1: Ball 1-1: Ball 2-1: Fly out, F3 (Flyball, 3D)
|
Top of the 5th over - 0 run(s), 0 hit(s), 0 error(s), 1 left on base; Allentown 4 - Utica 1 |
BOTTOM OF THE 5TH |
Utica Unicorns batting - Pitching for Allentown Hillbillies : RHP Anthony O'Connor
|
Batting: LHB Raúl Morales
|
0-0: Called Strike 0-1: Swinging Strike 0-2: Strikes out swinging
|
Batting: RHB António Magana
|
0-0: Foul Ball, location: 2F 0-1: Ball 1-1: Swinging Strike 1-2: Ball 2-2: Ball 3-2: Strikes out swinging
|
Batting: LHB Jesús Raugel
|
0-0: Called Strike 0-1: Swinging Strike 0-2: Ball 1-2: Ball 2-2: Strikes out swinging, 2-3 out at first.
|
Bottom of the 5th over - 0 run(s), 0 hit(s), 0 error(s), 0 left on base; Allentown 4 - Utica 1 |
TOP OF THE 6TH |
Allentown Hillbillies batting - Pitching for Utica Unicorns : RHP Wayne Sawyer
|
Batting: RHB Germano Labrego
|
0-0: Ball 1-0: Ball 2-0: Ball 3-0: Base on Balls
|
Batting: RHB Carl Brown
|
0-0: Swinging Strike 0-1: Ball 1-1: Foul Ball, location: 2F 1-2: Ball Wild Pitch! Germano Labrego to second 2-2: Ball 3-2: Base on Balls
|
Pitching: RHP Mario González
|
|
Batting: RHB António Yánez
|
0-0: Ball 1-0: Ball 2-0: Ball 3-0: Called Strike 3-1: Base on Balls Germano Labrego to third Carl Brown to second
|
Batting: RHB José Ortega
|
0-0: Ball 1-0: Ball 2-0: Swinging Strike 2-1: Foul Ball, location: 2F 2-2: Foul Ball, location: 2F 2-2: Ball 3-2: Base on Balls Germano Labrego scores Carl Brown to third António Yánez to second
|
Batting: LHB Rafael Flores
|
0-0: Called Strike 0-1: Foul Ball, location: 2F 0-2: Foul Ball, location: 2F 0-2: Foul Ball, location: 2F 0-2: Strikes out looking
|
Pitching: RHP Grant Jackson
|
|
Batting: RHB Millard Stark
|
0-0: Swinging Strike 0-1: Ball 1-1: Called Strike 1-2: Strikes out swinging
|
Pitching: LHP Javier Luna
|
|
Batting: RHB Von Ford
|
0-0: Ball 1-0: Ball 2-0: Ball 3-0: Swinging Strike 3-1: Foul Ball, location: 2F 3-2: Strikes out swinging
|
Top of the 6th over - 1 run(s), 0 hit(s), 0 error(s), 3 left on base; Allentown 5 - Utica 1 |
BOTTOM OF THE 6TH |
Utica Unicorns batting - Pitching for Allentown Hillbillies : RHP Anthony O'Connor
|
Batting: RHB Mitsuoki Taguchi
|
0-0: Foul Ball, location: 2F 0-1: Ball 1-1: Ball 2-1: Ball 3-1: SINGLE (Line Drive, 7LS)
|
Pitching: LHP Emílio Trevino
|
|
Batting: LHB Sixto Cantú
|
0-0: Ball 1-0: Swinging Strike 1-1: Foul Ball, location: 2F 1-2: Foul Ball, location: 2F 1-2: Strikes out swinging Mitsuoki Taguchi steals 2nd base Batter strikes out.
|
Batting: LHB Patrick Bright
|
0-0: Foul Ball, location: 2F 0-1: Called Strike Mitsuoki Taguchi is caught stealing 3rd base 0-2: Strikes out swinging
|
Bottom of the 6th over - 0 run(s), 1 hit(s), 0 error(s), 0 left on base; Allentown 5 - Utica 1 |
TOP OF THE 7TH |
Allentown Hillbillies batting - Pitching for Utica Unicorns : LHP Javier Luna
|
Batting: RHB Diego Rivera
|
0-0: Foul Ball, location: 2F 0-1: Ball 1-1: Ball 2-1: Ball 3-1: Base on Balls
|
Pitching: RHP Claudio Rivera
|
|
Batting: RHB Dan Banks
|
0-0: Called Strike 0-1: Ball 1-1: Fly out, F8 (Flyball, 8RM)
|
Batting: RHB Germano Labrego
|
0-0: Called Strike 0-1: Ball 1-1: Ball 2-1: Ball 3-1: Swinging Strike 3-2: Strikes out swinging
|
Batting: RHB Carl Brown
|
0-0: Ball 1-0: Foul Ball, location: 2F 1-1: SINGLE (Groundball, 34D) Diego Rivera to second Runner from 2nd tries for 3rd, SAFE, throw made to third
|
Batting: RHB António Yánez
|
0-0: Called Strike 0-1: SINGLE (Line Drive, 78M) Diego Rivera scores Carl Brown to second
|
Batting: RHB José Ortega
|
0-0: Foul Ball, location: 2F 0-1: Ball 1-1: Ball 2-1: Called Strike 2-2: Ball 3-2: Foul Ball, location: 2F 3-2: Fly out, F7 (Flyball, 78M)
|
Top of the 7th over - 1 run(s), 2 hit(s), 0 error(s), 2 left on base; Allentown 6 - Utica 1 |
BOTTOM OF THE 7TH |
Utica Unicorns batting - Pitching for Allentown Hillbillies : LHP Emílio Trevino
|
Batting: LHB Mitchell Oglethorpe
|
0-0: Foul Ball, location: 2F 0-1: Ball 1-1: Foul Ball, location: 2F 1-2: Strikes out swinging
|
Batting: RHB Danny Crouch
|
0-0: SINGLE (Line Drive, 56D)
|
Batting: RHB Andrew Good
|
0-0: Ball 1-0: Ball 2-0: Ball 3-0: Base on Balls Danny Crouch to second
|
Batting: LHB Raúl Morales
|
0-0: Ball 1-0: Called Strike 1-1: SINGLE (Line Drive, 7LS) Danny Crouch to third Andrew Good to second
|
Batting: RHB António Magana
|
0-0: Ball 1-0: Foul Ball, location: 2F 1-1: Fly out, F9 (Flyball, 9) Runner from 3rd tags up, SCORES, throw made
|
Batting: LHB Jesús Raugel
|
0-0: Ball 1-0: Ball 2-0: Swinging Strike 2-1: Ball 3-1: Called Strike 3-2: Strikes out swinging
|
Bottom of the 7th over - 1 run(s), 2 hit(s), 0 error(s), 2 left on base; Allentown 6 - Utica 2 |
TOP OF THE 8TH |
Allentown Hillbillies batting - Pitching for Utica Unicorns : RHP Claudio Rivera
|
Batting: LHB Rafael Flores
|
0-0: Called Strike 0-1: Foul Ball, location: 2F 0-2: Fly out, F8 (Flyball, 8RS)
|
Batting: RHB Millard Stark
|
0-0: Called Strike 0-1: Ball 1-1: Ball 2-1: SINGLE (Line Drive, 7LS)
|
Batting: RHB Von Ford
|
0-0: Fielders Choice at 2nd, 4-6 (Groundball, 4)
|
Batting: RHB Diego Rivera
|
0-0: Ball 1-0: Ball 2-0: SINGLE (Flyball, 6MD) Von Ford to second
|
Batting: RHB Dan Banks
|
0-0: Called Strike 0-1: 3-RUN HOME RUN (Flyball, 78XD), Distance : 427 ft
|
Batting: RHB Germano Labrego
|
0-0: Called Strike 0-1: Foul Ball, location: 2F 0-2: SINGLE (Groundball, 56D)
|
Batting: RHB Carl Brown
|
0-0: SINGLE (Line Drive, 34D) Germano Labrego to second
|
Batting: RHB António Yánez
|
0-0: Ball 1-0: Called Strike 1-1: Ball 2-1: Ball 3-1: Base on Balls Germano Labrego to third Carl Brown to second
|
Batting: RHB José Ortega
|
0-0: Fly out, F9 (Line Drive, 9)
|
Top of the 8th over - 3 run(s), 5 hit(s), 0 error(s), 3 left on base; Allentown 9 - Utica 2 |
BOTTOM OF THE 8TH |
Utica Unicorns batting - Pitching for Allentown Hillbillies : LHP Emílio Trevino
|
Pitching: LHP Dan Rogers
|
|
Now at C: Joel Jackson
|
|
Batting: RHB Mitsuoki Taguchi
|
0-0: Called Strike 0-1: Foul Ball, location: 2F 0-2: Strikes out swinging
|
Batting: LHB Sixto Cantú
|
0-0: Ball 1-0: Called Strike 1-1: Ball 2-1: Foul Ball, location: 2F 2-2: Ball 3-2: Foul Ball, location: 2F 3-2: Base on Balls
|
Batting: LHB Patrick Bright
|
0-0: Fly out, F9 (Flyball, 9)
|
Batting: LHB Mitchell Oglethorpe
|
0-0: Foul Ball, location: 2F 0-1: Ball 1-1: Fly out, F7 (Flyball, 78M)
|
Bottom of the 8th over - 0 run(s), 0 hit(s), 0 error(s), 1 left on base; Allentown 9 - Utica 2 |
TOP OF THE 9TH |
Allentown Hillbillies batting - Pitching for Utica Unicorns : RHP Claudio Rivera
|
Pinch Hitting: RHB Albert Lutz
|
0-0: Ball 1-0: Ball 2-0: Ball 3-0: Base on Balls
|
Batting: RHB Millard Stark
|
0-0: Called Strike 0-1: Foul Ball, location: 2F 0-2: Ball 1-2: Foul Ball, location: 2F 1-2: SINGLE (Line Drive, 34D) Albert Lutz to second Runner from 2nd tries for 3rd, SAFE, throw made to third Millard Stark to second
|
Batting: RHB Von Ford
|
0-0: Ball 1-0: Ball 2-0: Ball 3-0: Called Strike 3-1: Base on Balls
|
Batting: RHB Diego Rivera
|
0-0: Ball 1-0: Ball 2-0: Swinging Strike 2-1: Foul Ball, location: 2F 2-2: Foul Ball, location: 2F 2-2: Ball 3-2: GRAND SLAM HOME RUN (Flyball, 9D), Distance : 370 ft
|
Pitching: RHP Franklin Shaw
|
|
Batting: RHB Dan Banks
|
0-0: Foul Ball, location: 2F 0-1: Fly out, F8 (Line Drive, 8LXD)
|
Batting: RHB Germano Labrego
|
0-0: Ball 1-0: Fly out, F9 (Flyball, 9)
|
Pinch Hitting: RHB Bartolo López
|
0-0: Ball 1-0: Ball 2-0: Ball 3-0: Foul Ball, location: 2F 3-1: Called Strike 3-2: Base on Balls
|
Batting: RHB António Yánez
|
0-0: Called Strike Bartolo López is caught stealing 2nd base
|
Top of the 9th over - 4 run(s), 2 hit(s), 0 error(s), 0 left on base; Allentown 13 - Utica 2 |
BOTTOM OF THE 9TH |
Utica Unicorns batting - Pitching for Allentown Hillbillies : LHP Dan Rogers
|
Now at 3B: Justin Harris
|
|
Now in RF: Albert Lutz
|
|
Batting: RHB Danny Crouch
|
0-0: Called Strike 0-1: Ball 1-1: Ball 2-1: Ball 3-1: Fly out, F7 (Flyball, 7S)
|
Batting: RHB Andrew Good
|
0-0: Called Strike 0-1: Ball 1-1: Foul Ball, location: 2F 1-2: Foul Ball, location: 2F 1-2: Ground out 6-3 (Groundball, 6)
|
Batting: LHB Raúl Morales
|
0-0: Ball 1-0: Fly out, F9 (Line Drive, 9)
|
Bottom of the 9th over - 0 run(s), 0 hit(s), 0 error(s), 0 left on base; Allentown 13 - Utica 2 |
|